 Dungeon Crawl Stone Soup version 0.18.1-48-g4cf74bf (webtiles) character file.

1523072 NicuTudor the Phalangite (level 26, 244/244 HPs)
             Began as a Demigod Ice Elementalist on July 22, 2016.
             Escaped with the Orb
             ... and 3 runes on July 24, 2016!
             The game lasted 13:44:31 (93875 turns).

NicuTudor the Phalangite (DgIE)                    Turns: 93875, Time: 13:44:31

Health: 244/244    AC: 34    Str: 19    XL:     26   Next: 71%
Magic:  36/36      EV: 24    Int: 23    God:
Gold:   697        SH:  0    Dex: 23    Spells: 9 memorised, 12 levels left

rFire  + + +     SeeInvis .     a - +8 bardiche "Leviticus" {speed, rF+ rN+ Dex+3}
rCold  + + .     Gourm    .     s - +3 storm dragon armour
rNeg   + + .     Faith    .     (shield currently unavailable)
rPois  +         Spirit   .     k - +2 hat
rElec  +         Dismiss  .     D - +4 dragonskin cloak
rCorr  .         Reflect  .     g - +2 pair of gloves of Inviolability {rF+ Stlth+}
SustAt +         Harm     .     t - +0 pair of boots {Stlth+}
MR     +++++     Clarity  +     L - amulet of the Four Winds {rN+ MR+++ Clar}
Stlth  ++........               T - ring of protection from cold
                                d - ring of poison resistance

@: very slightly contaminated, repel missiles, almost entirely resistant to
hostile enchantments, unstealthy
A: high mp 1, sustain attributes
a: no special abilities
0: Orb of Zot
}: 3/15 runes: barnacled, abyssal, gossamer


You escaped.
You were very full.

You visited 10 branches of the dungeon, and saw 51 of its levels.
You visited the Abyss 1 time.
You also visited: Trove.

You collected 7474 gold pieces.
You spent 6777 gold pieces at shops.

Inventory:

Hand Weapons
 a - the +8 bardiche "Leviticus" (weapon) {speed, rF+ rN+ Dex+3}
   (You found it in a treasure trove)

   Attacks with this weapon are significantly faster.
   It affects your dexterity (+3).
   It protects you from fire.
   It protects you from negative energy.
Missiles
 R - 4 throwing nets (quivered)
Armour
 f - a +1 cloak of invisibility
 g - the +2 pair of gloves of Inviolability (worn) {rF+ Stlth+}
   (You bought it in a shop on level 2 of the Shoals)

   It protects you from fire.
   It makes you more stealthy.
 k - a +2 hat (worn)
 s - a +3 storm dragon armour (worn)
 t - a +0 pair of boots of stealth (worn)
 D - the +4 dragonskin cloak (worn)
   (You took it off Tiamat on level 4 of the Realm of Zot)
 I - the +3 pair of gauntlets of War {Slay+5}
   (You found it in a treasure trove)

   It affects your accuracy and damage with ranged weapons and melee attacks
   (+5).
Rods
 G - a +0 rod of shadows (12/12) {@w1!a}
   (You found it on level 1 of the Elven Halls)
Jewellery
 d - a ring of poison resistance (left hand)
 v - an uncursed ring of see invisible
 L - the amulet of the Four Winds (around neck) {rN+ MR+++ Clar}
   (You found it on level 8 of the Lair of Beasts)

   [amulet of nothing]

   It protects you from negative energy.
   It affects your resistance to hostile enchantments.
   It protects you against confusion.
 N - an uncursed ring of resist corrosion
 O - a +3 ring of slaying
 T - a ring of protection from cold (right hand)
 Y - an uncursed ring of protection from fire
Wands
 b - a wand of acid (0/15)
 c - a wand of hasting (6/9) {@v1!v}
 l - a wand of disintegration (16/24)
 n - a wand of teleportation (9/9) {@v2!v}
 y - a wand of digging (21/24)
Scrolls
 e - 13 scrolls of immolation {!r}
 h - 11 scrolls of fog
 o - a scroll of summoning
 q - 3 scrolls of silence
 x - 18 scrolls of remove curse
 H - a scroll of blinking {@r2!r}
 M - 3 scrolls of recharging
 S - a scroll of holy word
 U - 3 scrolls of teleportation {@r1!r}
 W - 17 scrolls of identify
Potions
 j - 4 potions of cure mutation {!q}
 m - a potion of haste {@q3}
 p - 2 potions of might
 r - a potion of cancellation
 z - 11 potions of ambrosia
 A - 10 potions of curing {@q1}
 B - 4 potions of heal wounds {@q2}
 Q - 4 potions of brilliance
Miscellaneous
 F - a lamp of fire
 J - a box of beasts {used: 8}
 K - a fan of gales
 X - a sack of spiders
Comestibles
 i - 2 bread rations
 C - 30 meat rations


   Skills:
 + Level 21.5 Fighting
 + Level 25.1 Polearms
 + Level 17.0 Armour
 - Level 20.0 Dodging
 - Level 13.7 Stealth
 - Level 5.7 Spellcasting
 - Level 4.0 Conjurations
 - Level 2.1 Hexes
 - Level 7.6 Charms
 - Level 4.0 Summonings
 - Level 2.1 Necromancy
 - Level 5.0 Translocations
 - Level 7.0 Ice Magic
 - Level 1.4 Air Magic
 - Level 9.1 Evocations


You had 12 spell levels left.
You knew the following spells:

 Your Spells              Type           Power        Failure   Level  Hunger
b - Blink                 Tloc           N/A          12%         2    None
h - Ensorcelled Hibernat  Hex/Ice        ####..       12%         2    None
i - Throw Icicle          Conj/Ice       ####....     58%         4    ###....
r - Regeneration          Chrm/Necr      ####......   21%         3    #......
s - Summon Ice Beast      Ice/Summ       ####....     58%         4    ###....
w - Spectral Weapon       Hex/Chrm       ####....     21%         3    #......
F - Summon Butterflies    Summ           ####....     12%         1    None
O - Ozocubu's Armour      Chrm/Ice       #####...     10%         3    #......
R - Repel Missiles        Chrm/Air       ####..       14%         2    None


Dungeon Overview and Level Annotations

Branches:
Dungeon (15/15)            Temple (1/1) D:5            Lair (8/8) D:11
 Shoals (4/4) Lair:4       Spider (4/4) Lair:4        Slime (0/6) Lair:7
    Orc (2/2) D:9             Elf (3/3) Orc:2        Vaults (4/5) D:13
  Crypt (0/3) Vaults:3     Depths (5/5) D:15            Zot (5/5) Depths:5

Shops:
D:7 (*!   D:10 *   Orc:2 (=}=:   Shoals:2 *}[   Shoals:3 [   Depths:3 =

Portals:
Hell: Depths:1 Depths:2 Depths:3 Depths:4 Depths:5
Abyss: Depths:2 Depths:3 Depths:4 Depths:5
Pandemonium: Depths:2 Depths:3 Depths:5
Ziggurat: Depths:1

Annotations:
Lair:7 exclusion: 3 oklob plants
Elf:2 3 runed doors
Vaults:5 !Esti pregatit?
Depths:1 exclusions: downstairs and 4 more exclusions
Depths:3 exclusion: upstairs
Depths:5 exclusion: upstairs
Zot:5 exclusion: 2 upstairs


Innate Abilities, Weirdness & Mutations

You have an increased reservoir of magic (+10% MP).
Your attributes are resistant to harm.


Message History

You kill the soul eater!
No target in view!
An Orb Guardian comes into view.
There is a stone staircase leading up here.
You climb upwards.
There is a stone staircase leading down here.
There is a stone staircase leading up here.
You climb upwards.
There is a stone staircase leading down here.
There is a stone staircase leading up here.
You climb upwards.
There is a stone staircase leading down here.
There is an open door here.
There is an open door here.
You see here 27 arrows.
You open the door.
There is an open door here.
There is an open door here.
There is a staircase leading out of the dungeon here.
You have escaped!

#........#
#.........# #.
#........#
#.........# #.
#........#
#.........# #.
###.##..##
####......# ##
#.###'#####
#......#
#.#P♣.≈♣PP♣
#......#######
#.+.....≈♣♣#
#..........)..
###P♣♣.....#
#......#######
#♣P≈♣≈♣.@#
######.###
######### #...#
######...#
#........#
#####.####...#####
#......# ##.......
#......# #.######
#......####.######
#......##.........


There were no monsters in sight!

Vanquished Creatures
  Tiamat (Zot:4)
  4 orbs of fire
  8 ancient liches (Zot:5)
  Frederick (Vaults:2)
  5 caustic shrikes (Depths:5)
  4 curse toes
  3 Killer Klowns
  13 golden dragons
  5 bone dragons (Abyss:3)
  An electric golem (Zot:5)
  20 tentacled monstrosities
  6 liches
  23 Orb Guardians (Zot:5)
  2 deep elf master archers (Elf:3)
  3 quicksilver dragons
  4 deep elf blademasters
  3 titans (Depths:4)
  A sphinx (Vaults:2)
  8 death cobs
  8 tentacled starspawn
  4 tengu reavers
  The ghost of ThereIsNoGod the Severer, an adept MiFi of Makhleb (Shoals:3)
  13 storm dragons
  Agnes (D:14)
  2 draconian monks (Zot:4)
  8 shadow dragons
  Kirke (D:13)
  4 draconian knights
  12 fire giants
  7 vault wardens
  7 deep elf sorcerers
  An iron dragon (Depths:5)
  A cacodemon (Abyss:3)
  6 draconian scorchers
  Aizul (Depths:1)
  5 draconian shifters
  A caustic shrike zombie (D:15)
  13 frost giants
  3 emperor scorpions
  A ghoul (Vaults:3)
  7 ghost moths
  Louise (Shoals:1)
  6 deep elf elementalists
  3 draconian zealots
  5 draconian annihilators
  An orc warlord (Orc:1)
  8 ironheart preservers
  2 spriggan defenders (Depths:4)
  A draconian caller (Zot:4)
  27 very ugly things
  20 stone giants
  4 vampire knights
  4 deep elf demonologists
  3 salamander stormcallers
  A lorocyproca (Abyss:3)
  12 purple draconians
  7 spark wasps
  12 red draconians
  12 green draconians
  Azrael (D:12)
  8 mottled draconians
  18 black draconians
  7 yellow draconians
  8 deep elf annihilators
  9 white draconians
  11 merfolk javelineers
  3 deep elf death magi (Elf:3)
  2 green deaths (Abyss:3)
  13 ettins
  5 merfolk impalers (Shoals:4)
  7 vault guards
  18 fire dragons
  15 yaktaur captains
  2 deep elf high priests
  6 entropy weavers
  Fannar (Lair:3)
  20 ice dragons
  6 spriggan air magi
  11 great orbs of eyes
  2 alligator snapping turtles (Shoals:4)
  11 rakshasas
  3 hydras
  2 catoblepae
  3 death knights
  9 centaur warriors
  9 deep troll shamans
  12 dancing weapons
  A merfolk avatar (Shoals:4)
  24 ogre magi
  7 death yaks
  3 merfolk aquamancers (Shoals:4)
  A satyr (Shoals:1)
  4 deep troll earth magi
  2 tengu warriors (Depths:5)
  7 hell hogs (Abyss:3)
  An alligator (shapeshifter) (Depths:2)
  2 vampire magi
  5 spriggan berserkers
  An iron giant zombie (Depths:2)
  16 thrashing horrors (Abyss:3)
  3 soul eaters
  8 hell knights
  3 orc high priests (Orc:2)
  Sonja (Lair:4)
  7 deep elf knights
  7 iron trolls
  3 skeletal warriors
  6 wretched stars (Abyss:3)
  Nergalle (Lair:4)
  2 shadow wraiths
  2 titan skeletons
  5 wizards
  A spatial maelstrom (Abyss:3)
  5 unseen horrors
  A salamander mystic (Depths:1)
  A storm dragon skeleton (Depths:2)
  12 sea snakes
  6 giant orange brains
  3 shadow demons
  20 deep elf archers
  7 flayed ghosts
  A shadow dragon zombie (Depths:2)
  9 hill giants
  7 necromancers
  28 deep trolls
  A lindwurm (shapeshifter) (Depths:4)
  Pikel (D:4)
  17 orc knights
  A lindwurm (Lair:8)
  14 harpies
  2 harpies (shapeshifter)
  3 stone giant zombies (Depths:2)
  A mana viper (Abyss:3)
  2 fire giant zombies
  18 orb spiders
  8 ironbrand convokers
  51 ugly things
  18 fauns
  A tengu skeleton (Depths:2)
  20 griffons
  57 deep elf magi
  10 cyclopes
  A hornet (shapeshifter) (Elf:3)
  10 hornets
  19 manticores
  A frost giant zombie (D:15)
  31 wolf spiders
  A cyclops (shapeshifter) (Elf:1)
  2 sixfirhies (Abyss:3)
  3 centaur zombies
  7 orc sorcerers
  33 moths of wrath
  7 salamanders
  6 worldbinders (Abyss:3)
  An octopode (shapeshifter) (Vaults:4)
  21 elephants
  3 guardian serpents (Abyss:3)
  An eye of devastation (Abyss:3)
  Maurice (Orc:2)
  2 gargoyles
  Psyche (D:11)
  A naga mage (Abyss:3)
  6 black mambas
  13 smoke demons (Abyss:3)
  21 spiny frogs
  3 sirens (Shoals:4)
  4 apocalypse crabs
  4 water nymphs
  3 torpor snails
  12 vault sentinels
  5 orange demons
  2 hellions
  6 kobold demonologists
  51 yaktaurs
  5 rime drakes
  12 komodo dragons
  3 efreet
  A guardian mummy (Depths:4)
  12 freezing wraiths
  17 ancient zymes (Abyss:3)
  16 demonic crawlers
  A hellwing (Abyss:2)
  A troll (shapeshifter) (Vaults:1)
  A silent spectre (Abyss:3)
  8 trolls
  A jumping spider (shapeshifter) (Depths:4)
  24 merfolk
  A polar bear (Lair:8)
  A polar bear (shapeshifter) (Abyss:3)
  4 wind drakes
  25 slime creatures
  37 jumping spiders
  Prince Ribbit (D:7)
  A fire dragon zombie (Abyss:3)
  36 raiju (Abyss:3)
  An ice dragon zombie (D:15)
  A spriggan zombie (Depths:2)
  A raiju (shapeshifter) (Vaults:1)
  A wolf spider simulacrum (Vaults:1)
  38 two-headed ogres
  8 snapping turtles
  22 blink frogs
  3 spriggans (shapeshifter)
  6 spriggans
  24 starcursed masses (Abyss:3)
  3 boulder beetles
  79 redbacks
  5 vampires
  34 tarantellas
  5 wraiths
  46 yaks
  10 water elementals
  9 air elementals
  3 wyverns
  8 fire elementals
  18 humans (D:13)
  12 ynoxinuls
  A basilisk (Lair:5)
  An elf skeleton (Depths:2)
  2 golden eyes (Abyss:3)
  2 golden eyes (shapeshifter)
  2 hungry ghosts
  A hog (D:13)
  36 large abominations
  2 fire bats (Abyss:3)
  A redback simulacrum (Vaults:2)
  A basilisk (shapeshifter) (Depths:2)
  9 wargs
  3 mottled dragons
  16 hippogriffs
  A hippogriff (shapeshifter) (Elf:1)
  4 chaos spawn
  A swamp worm (shapeshifter) (Vaults:1)
  17 vampire mosquitoes
  2 nagas (Abyss:3)
  2 soldier ants
  4 spatial vortices (Abyss:3)
  Duvessa (D:6)
  16 water moccasins
  7 hell hounds
  6 porcupines
  An ogre skeleton (Vaults:1)
  45 orc warriors
  A giant eyeball (Depths:2)
  2 ice beasts (shapeshifter) (Abyss:3)
  6 ice beasts
  9 sky beasts
  3 slaves
  4 wasps
  An ettin simulacrum (Vaults:1)
  2 phantoms
  A black bear (Lair:1)
  3 eyes of draining
  8 boggarts
  74 ogres
  4 wolves
  17 centaurs
  10 crocodiles
  An orc skeleton (Vaults:1)
  7 big kobolds
  23 giant frogs
  A yaktaur zombie (Vaults:1)
  A wyvern zombie (D:10)
  3 earth elementals
  3 scorpions
  Dowan (D:6)
  4 killer bees
  9 wights
  15 howler monkeys
  2 electric eels
  5 crimson imps
  3 giant frog zombies
  4 quasits
  9 centaur skeletons
  6 hounds
  5 iron imps
  A jelly (D:8)
  Crazy Yiuf (D:6)
  25 orc priests
  29 orc wizards
  4 giant frog skeletons
  14 worker ants
  7 iguanas
  3 hell rats (Lair:4)
  A killer bee zombie (D:10)
  16 sheep
  31 small abominations (Abyss:3)
  2 howler monkey zombies
  A hound skeleton (D:9)
  A worker ant zombie (D:9)
  A howler monkey skeleton (D:4)
  12 adders
  68 river rats
  3 shadow imps
  2 white imps (Abyss:3)
  4 ufetubi (Abyss:3)
  2 oozes
  2 adder zombies
  An adder skeleton (D:8)
  2 dart slugs (D:2)
  6 giant geckos
  91 orcs
  6 giant cockroaches
  6 hobgoblins
  14 jackals
  5 quokkas
  6 bats
  A giant cockroach zombie (D:6)
  A giant gecko skeleton (D:8)
  13 giant newts
  4 goblins
  A jackal skeleton (D:7)
  22 kobolds
  A quokka zombie (D:6)
  6 rats
  A butterfly (D:8)
  2 plants
  7 starspawn tentacles
  4 tentacles (Shoals:4)
2709 creatures vanquished.

Vanquished Creatures (collateral kills)
  An orb of fire (Zot:4)
  Mennas (Depths:4)
  The ghost of daning the Swordmaster, a veteran HESk of Okawaru (Depths:4)
  Polyphemus (Shoals:2)
  A death cob (Zot:4)
  A kraken (Shoals:4)
  Ilsuiw (Shoals:4)
  An emperor scorpion (Spider:3)
  A draconian shifter (Zot:4)
  A spark wasp (Spider:4)
  Snorg (D:10)
  Josephine (Lair:6)
  2 merfolk javelineers (Shoals:4)
  A great orb of eyes (Depths:4)
  7 hydras
  2 ogre magi
  A catoblepas (Lair:8)
  3 dancing weapons (Elf:3)
  5 merfolk avatars
  A hill giant (D:11)
  A harpy (Shoals:1)
  3 deep elf archers
  A hornet (shapeshifter) (Depths:2)
  A deep elf mage (Elf:1)
  An ironbrand convoker (Vaults:4)
  6 ugly things
  An orb spider (Spider:4)
  A cyclops (D:14)
  A siren (Shoals:2)
  A water nymph (Shoals:1)
  A spiny frog (Lair:2)
  4 komodo dragons
  A shadow dragon simulacrum (Vaults:3)
  A troll (D:9)
  3 two-headed ogres
  9 blink frogs (Lair:8)
  2 slime creatures (D:12)
  5 yaks
  2 redbacks
  A wraith (Lair:6)
  3 basilisks
  A human (D:13)
  A water moccasin (Lair:7)
  A giant eyeball (Depths:2)
  5 orc warriors
  2 ogres
  3 ice beasts
  An eye of draining (D:11)
  A wolf (Lair:1)
  2 crocodiles
  2 big kobolds
  3 giant frogs
  5 killer bees
  2 howler monkeys
  A crimson imp (D:7)
  2 jellies
  2 orc priests
  An orc wizard (Orc:2)
  2 iguanas
  2 hell rats (Lair:4)
  3 river rats
  A shadow imp (D:6)
  7 orcs
  16 kobolds
  2 fungi (Lair:8)
  A lurking horror (Abyss:3)
152 creatures vanquished.

Vanquished Creatures (others)
  A deep elf elementalist (Elf:3)
  A thrashing horror (Abyss:3)
  A wretched star (Abyss:3)
  A deep elf knight (Vaults:3)
  A large abomination (Abyss:3)
  A deep elf mage (Elf:1)
  A slime creature (Depths:1)
  A fire elemental (D:12)
  2 humans (D:13)
  A vampire mosquito (Vaults:3)
  A sky beast (Abyss:3)
  3 ogres
  A boggart (Depths:1)
  2 small abominations (Abyss:3)
  An orc wizard (Orc:1)
  5 orcs
  30 fungi
  67 plants
  75 spectral weapons
  15 starspawn tentacles
  156 starspawn tentacle segments (Abyss:3)
  17 tentacles (Shoals:4)
  1154 tentacle segments (Shoals:4)
  2 withered plants (D:15)
1540 creatures vanquished.

Grand Total: 4401 creatures vanquished

Notes
Turn   | Place    | Note
--------------------------------------------------------------
     0 | D:1      | NicuTudor the Demigod Ice Elementalist began the quest for the Orb.
     0 | D:1      | Reached XP level 1. HP: 14/14 MP: 5/5
   553 | D:1      | Reached XP level 2. HP: 22/22 MP: 5/7
   621 | D:1      | @@@Inel rF+.
   636 | D:1      | Learned a level 2 spell: Throw Frost
   670 | D:1      | Reached skill level 1 in Conjurations
   901 | D:2      | Reached skill level 1 in Fighting
  1407 | D:2      | Reached XP level 3. HP: 26/28 MP: 4/8
  2426 | D:2      | @@@Gasii un cutit(+5AC) in D:3.
  2783 | D:3      | Reached XP level 4. HP: 33/35 MP: 9/9
  2789 | D:3      | Learned a level 4 spell: Summon Ice Beast
  3207 | D:3      | Found an ancient bone altar of Kikubaaqudgha.
  3207 | D:3      | Found a bloodstained altar of Trog.
  3406 | D:3      | Reached skill level 1 in Summonings
  3533 | D:3      | Reached XP level 5. HP: 29/41 MP: 0/10
  4746 | D:4      | Reached XP level 6. HP: 43/48 MP: 6/12
  5912 | D:4      | Learned a level 4 spell: Throw Icicle
  6093 | D:5      | Entered Level 5 of the Dungeon
  6132 | D:5      | Noticed Pikel
  6960 | D:4      | Killed Pikel
  6960 | D:4      | Reached skill level 5 in Ice Magic
  6960 | D:4      | Reached XP level 7. HP: 44/55 MP: 6/14
  7089 | D:5      | Got an ichor-stained flail
  7325 | D:5      | Found a staircase to the Ecumenical Temple.
  7373 | Temple   | Entered the Ecumenical Temple
  7996 | D:6      | Noticed Duvessa
  7997 | D:6      | Noticed Dowan
  8002 | D:6      | Killed Dowan
  8002 | D:6      | Reached XP level 8. HP: 61/61 MP: 16/16
  8007 | D:6      | Killed Duvessa
  8351 | D:6      | Learned a level 2 spell: Ensorcelled Hibernation
  8416 | D:6      | Identified the cursed +1 flail of Equivalence {crush, Stlth+} (You found it on level 5 of the Dungeon)
  8774 | D:6      | Noticed Crazy Yiuf
  8802 | D:6      | Killed Crazy Yiuf
  9464 | D:7      | Found Ycepas's Assorted Antiques.
  9467 | D:7      | Bought a scroll of blinking for 202 gold pieces
  9467 | D:7      | Bought a runed blowgun for 67 gold pieces
  9505 | D:7      | Noticed Prince Ribbit
  9514 | D:7      | Killed Prince Ribbit
  9690 | D:7      | Found Iveodghuti's Distillery.
  9741 | D:7      | @@@Am armura completa.
 10109 | D:8      | Reached skill level 5 in Spellcasting
 10203 | D:7      | Bought a potion of heal wounds for 70 gold pieces
 10252 | D:7      | Got an ancient trident
 10464 | D:7      | Reached XP level 9. HP: 67/71 MP: 15/20
 10530 | D:7      | Learned a level 3 spell: Ozocubu's Armour
 10644 | D:7      | Found Kopt's Weapon Shoppe.
 10826 | D:7      | Reached skill level 1 in Charms
 10886 | D:7      | Reached skill level 5 in Dodging
 11313 | D:8      | Identified the +8 trident of Okawaru's Envy {pierce, rElec rPois Dex-4} (You found it on level 7 of the Dungeon)
 11664 | D:7      | Reached skill level 1 in Polearms
 12086 | D:8      | Reached skill level 2 in Polearms
 12438 | D:9      | Reached skill level 3 in Polearms
 12540 | D:9      | Reached skill level 5 in Fighting
 13017 | D:7      | Bought a scroll of identify for 54 gold pieces
 13409 | D:9      | @@@Am:4x!haste,10x!curing,2x!heal,4x?blink.
 13516 | D:9      | Reached skill level 4 in Polearms
 13659 | D:10     | Entered Level 10 of the Dungeon
 13719 | D:9      | Found a shimmering altar of Xom.
 13727 | D:10     | Found Efyguv's General Store.
 13801 | D:10     | Bought a potion of brilliance for 60 gold pieces
 14100 | D:9      | Reached XP level 10. HP: 59/81 MP: 21/21
 14144 | D:9      | Learned a level 3 spell: Spectral Weapon
 14170 | D:9      | @@@Tind spre melee.
 14316 | D:9      | Found a staircase to the Orcish Mines.
 14331 | D:9      | Reached skill level 5 in Polearms
 14785 | D:10     | Noticed a hill giant
 14914 | D:10     | Killed a hill giant
 14914 | D:10     | Reached skill level 1 in Hexes
 15140 | D:10     | Noticed a white ugly thing
 15234 | D:10     | Killed a white ugly thing
 15347 | D:10     | Reached skill level 6 in Polearms
 15710 | D:7      | Bought a scroll of identify for 54 gold pieces
 15873 | D:11     | Noticed a seven-headed hydra
 16170 | D:10     | Noticed a hill giant
 16193 | D:10     | Killed a hill giant
 16540 | D:11     | Noticed a four-headed hydra
 16606 | D:11     | Killed a seven-headed hydra
 16620 | D:11     | Noticed a hill giant
 16733 | D:11     | Noticed an ogre mage
 16738 | D:11     | Noticed Snorg
 16742 | D:11     | Killed a hill giant
 16849 | D:10     | @@@L in D:11 e o porcarie!
 16911 | D:10     | Reached skill level 7 in Polearms
 16993 | D:10     | Killed an ogre mage
 17177 | D:10     | Killed Snorg
 17177 | D:10     | Reached XP level 11. HP: 80/91 MP: 0/23
 17503 | D:11     | Killed a four-headed hydra
 17607 | D:11     | Reached skill level 1 in Armour
 17691 | D:11     | Noticed a hill giant
 17719 | D:11     | Noticed a hill giant
 17761 | D:11     | Killed a hill giant
 17872 | D:11     | Killed a hill giant
 18176 | D:11     | Noticed Psyche
 18187 | D:11     | Killed Psyche
 18383 | D:11     | Found a staircase to the Lair.
 18421 | Lair:1   | Entered Level 1 of the Lair of Beasts
 19240 | Lair:1   | Reached skill level 8 in Polearms
 19263 | Lair:2   | Noticed a five-headed hydra
 19884 | Lair:3   | Noticed Fannar
 19884 | Lair:3   | Noticed a five-headed hydra
 20335 | Lair:2   | Reached XP level 12. HP: 103/103 MP: 18/24
 20412 | Lair:2   | Killed a five-headed hydra
 20715 | Lair:3   | Learned a level 1 spell: Summon Butterflies
 21021 | Lair:3   | Reached skill level 9 in Polearms
 21217 | Lair:3   | Killed a five-headed hydra
 21386 | Lair:3   | Killed Fannar
 21564 | Lair:3   | Learned a level 2 spell: Repel Missiles
 21662 | Lair:3   | Noticed an eight-headed hydra
 21670 | Lair:3   | Killed an eight-headed hydra
 21679 | Lair:3   | Learned a level 2 spell: Blink
 22047 | Lair:4   | Reached skill level 1 in Air Magic
 22068 | Lair:4   | Found a hole to the Spider Nest.
 22087 | Lair:4   | Reached skill level 1 in Translocations
 22289 | Lair:4   | Noticed Nergalle
 22310 | Lair:4   | Found a staircase to the Shoals.
 22583 | Lair:4   | Killed Nergalle
 22746 | Lair:4   | Noticed Sonja
 22838 | Lair:4   | Killed Sonja
 22838 | Lair:4   | Reached skill level 10 in Polearms
 23305 | Lair:5   | Got an ivory great sword
 23488 | Lair:5   | Reached skill level 10 in Fighting
 23587 | Lair:5   | Noticed an eight-headed hydra
 23594 | Lair:5   | Killed an eight-headed hydra
 24067 | Lair:5   | Reached XP level 13. HP: 74/113 MP: 3/25
 24603 | Lair:6   | Reached skill level 10 in Dodging
 24870 | Lair:6   | Noticed Josephine
 24884 | Lair:6   | Killed Josephine
 24911 | Lair:6   | @@@Gasii cartea Ice.
 24935 | Lair:6   | Got a slimy leather armour
 24965 | Lair:6   | Identified the cursed +0 leather armour "Orugepu" {Stlth+} (You found it on level 6 of the Lair of Beasts)
 24979 | Lair:6   | Got a pitted scimitar
 25093 | Lair:6   | Identified Further Progress in Rites and Rhymes
 25224 | Lair:1   | @@@Pot sa invat Bolt of Cold,Refrigeration si Freezing Cloud.
 25344 | Lair:7   | Reached skill level 11 in Polearms
 25378 | Lair:7   | Reached skill level 5 in Armour
 25404 | Lair:7   | Got a pitted whip
 25531 | Lair:7   | @@@Hotarii sa merg pe melee+vraji de suport.
 25534 | Lair:8   | Entered Level 8 of the Lair of Beasts
 25785 | Lair:7   | Found an opulent altar of Gozag.
 27392 | Lair:8   | Reached XP level 14. HP: 114/124 MP: 13/26
 27415 | Lair:8   | @@@Gasii amuleta Four Winds!
 27799 | Lair:8   | Reached skill level 12 in Polearms
 28196 | Lair:8   | @@@Terminai L.
 28585 | D:12     | Noticed Azrael
 28609 | D:12     | Killed Azrael
 29660 | Orc:1    | Entered Level 1 of the Orcish Mines
 29778 | Orc:2    | Entered Level 2 of the Orcish Mines
 30131 | Orc:2    | Found Owkimmio's Weapon Shop.
 30192 | Orc:2    | Found a staircase to the Elven Halls.
 30283 | Orc:1    | Noticed an orc warlord
 30309 | Orc:1    | Noticed Maurice
 30356 | Orc:2    | Killed Maurice
 31722 | Orc:2    | Found Ceduvufe's Gadget Emporium.
 31722 | Orc:2    | Found Geshre's Jewellery Boutique.
 31724 | Orc:2    | Found Moecusud's Book Emporium.
 31724 | Orc:2    | Found Irhit's Jewellery Boutique.
 31748 | Orc:2    | Bought a sack of spiders for 300 gold pieces
 31749 | Orc:2    | @@@Magazine slabute.
 32577 | D:13     | Reached skill level 13 in Polearms
 32697 | D:13     | Found a gate to the Vaults.
 32793 | D:13     | Identified a scroll of acquirement
 32796 | D:13     | Got a polished glaive
 32797 | D:13     | Identified the +1 glaive "Feifeop" {elec, rC+ Str+3 Int+3} (You acquired it on level 13 of the Dungeon)
 32808 | D:13     | Noticed Kirke
 32828 | D:13     | Killed Kirke
 32909 | D:13     | Reached XP level 15. HP: 127/134 MP: 27/27
 33606 | D:14     | Noticed Agnes
 33663 | D:14     | Killed Agnes
 33666 | D:14     | @@@Agnes imi oferi un lajatang antimagic.
 34969 | D:15     | Entered Level 15 of the Dungeon
 35283 | D:15     | @@@Cimitiru
 35374 | D:15     | Found a staircase to the Depths.
 36679 | D:15     | @@@Terminai D.
 37049 | Orc:2    | Bought an uncursed ring of poison resistance for 280 gold pieces
 37134 | D:10     | Bought a potion of might for 60 gold pieces
 37134 | D:10     | Bought 3 scrolls of fog for 90 gold pieces
 37209 | D:7      | Bought a potion of agility for 56 gold pieces
 37209 | D:7      | Bought a potion of might for 56 gold pieces
 37209 | D:7      | Bought a potion of agility for 56 gold pieces
 37209 | D:7      | Bought a potion of agility for 56 gold pieces
 37395 | Spider:1 | Entered Level 1 of the Spider Nest
 37583 | Orc:2    | Bought an uncursed ring of resist corrosion for 280 gold pieces
 38030 | Lair:4   | Reached skill level 14 in Polearms
 40217 | Spider:2 | Reached XP level 16. HP: 146/146 MP: 25/29
 40776 | Spider:4 | Entered Level 4 of the Spider Nest
 40778 | Spider:4 | @@@Penis:)
 41259 | Spider:2 | Reached skill level 15 in Polearms
 45507 | Spider:4 | Gained mutation: You have a pair of small horns on your head. [potion of beneficial mutation]
 45508 | Spider:4 | Gained mutation: Your flesh is heat resistant. [potion of beneficial mutation]
 45526 | Spider:4 | Reached skill level 16 in Polearms
 46332 | Spider:4 | Got a gossamer rune of Zot
 46839 | Lair:1   | Learned a level 3 spell: Regeneration
 46952 | D:7      | Bought a potion of curing for 42 gold pieces
 46952 | D:7      | Bought 2 potions of invisibility for 224 gold pieces
 46952 | D:7      | Bought 2 potions of curing for 84 gold pieces
 46952 | D:7      | Bought a potion of curing for 42 gold pieces
 46952 | D:7      | Bought a potion of curing for 42 gold pieces
 46952 | D:7      | Bought a potion of curing for 42 gold pieces
 47198 | Lair:7   | Found a staircase to the Slime Pits.
 47347 | Shoals:1 | Entered Level 1 of the Shoals
 47350 | Shoals:1 | Noticed Louise
 47364 | Shoals:1 | Killed Louise
 47796 | Shoals:2 | Found Idipakh's Gadget Shop.
 47797 | Shoals:2 | Found Hyoronko's Assorted Antiques.
 47923 | Shoals:2 | Reached XP level 17. HP: 150/154 MP: 27/30
 48206 | Shoals:1 | Reached skill level 15 in Fighting
 48464 | Shoals:2 | Found Lotev's Armour Boutique.
 48464 | Shoals:2 | Noticed Polyphemus
 48690 | Shoals:1 | @@@Acq2=trident demonic.
 48824 | Shoals:1 | Reached skill level 1 in Evocations
 49261 | Shoals:2 | Killed Polyphemus
 49330 | Shoals:2 | Got a pair of crude gloves
 49356 | Shoals:2 | Identified the cursed -5 pair of gloves of Grace {rElec rF- Regen+ SInv} (You found it on level 2 of the Shoals)
 49363 | Shoals:2 | Bought the +2 pair of gloves of Inviolability {rF+ Stlth+} for 500 gold pieces
 49418 | Shoals:2 | Found Aquelug's Assorted Antiques.
 49426 | Shoals:2 | Bought a scroll of teleportation for 93 gold pieces
 49453 | Shoals:3 | Noticed ThereIsNoGod's ghost (adept MiFi)
 49474 | Shoals:3 | Killed ThereIsNoGod's ghost
 49521 | Shoals:4 | Entered Level 4 of the Shoals
 49614 | Shoals:2 | @@@Urasc nimfele.
 49851 | Shoals:3 | @@@Summon Ice Beast distruge avatarele(super sirenele).
 49922 | Shoals:4 | Noticed Ilsuiw
 49969 | Shoals:4 | Killed Ilsuiw
 50163 | Shoals:4 | Reached skill level 17 in Polearms
 50633 | Shoals:3 | Found Lagysk's Antique Armour Boutique.
 52168 | Shoals:4 | Got a barnacled rune of Zot
 52350 | Shoals:4 | Got a translucent diamond amulet
 52680 | Shoals:4 | Identified the amulet of the Moon {Faith Str+2} (You took it off a merfolk javelineer on level 4 of the Shoals)
 53470 | Vaults:1 | Entered Level 1 of the Vaults
 53638 | Vaults:1 | Reached skill level 5 in Evocations
 53927 | Vaults:1 | Reached XP level 18. HP: 163/163 MP: 25/31
 54074 | Vaults:1 | Reached skill level 15 in Dodging
 54119 | Vaults:1 | Reached skill level 18 in Polearms
 56089 | Vaults:2 | @@@Gasii o piele de dragon auriu pe care nu cred ca o s-o folosesc.
 56510 | Vaults:2 | Reached skill level 5 in Charms
 56788 | Vaults:2 | Noticed Frederick
 56813 | Vaults:2 | Killed Frederick
 57522 | Vaults:2 | Reached skill level 19 in Polearms
 58525 | Vaults:4 | Reached XP level 19. HP: 165/170 MP: 27/32
 58961 | Vaults:3 | Found a staircase to the Crypt.
 60773 | Vaults:4 | Reached skill level 20 in Polearms
 61245 | Vaults:4 | @@@Terminai V:1-4.
 61741 | Elf:1    | Entered Level 1 of the Elven Halls
 61773 | Elf:1    | Reached skill level 10 in Armour
 62640 | Elf:1    | @@@Gasii wot!
 62669 | Elf:1    | Identified a +0 rod of shadows (12/12) (You found it on level 1 of the Elven Halls)
 63137 | Elf:1    | Reached XP level 20. HP: 182/182 MP: 33/33
 63825 | Elf:3    | Entered Level 3 of the Elven Halls
 64051 | Elf:2    | Found a runed gate.
 64051 | Elf:2    | Found a runed gate.
 64051 | Elf:2    | Found a runed gate.
 66421 | Elf:3    | @@@Prada dezamagitoare.
 67065 | Depths:1 | Entered Level 1 of the Depths
 67560 | Depths:1 | Found a gateway to Hell.
 67670 | Depths:1 | Found a gateway to a ziggurat.
 67671 | Depths:1 | Noticed an ancient lich
 67820 | Depths:1 | Reached skill level 5 in Stealth
 68402 | Depths:1 | Found a shattered altar of Ashenzari.
 68658 | Depths:2 | Noticed Aizul
 68689 | Depths:1 | Killed Aizul
 69422 | Depths:2 | Reached XP level 21. HP: 192/192 MP: 34/34
 69669 | Depths:2 | Found a one-way gate leading to the halls of Pandemonium.
 69721 | Depths:2 | Found a corrupted altar of Lugonu.
 69722 | Depths:2 | Found a one-way gate to the infinite horrors of the Abyss.
 71487 | Depths:4 | Noticed daning's ghost (veteran HESk)
 71540 | Depths:4 | Noticed Mennas
 71837 | Depths:2 | Noticed a golden dragon
 71877 | Depths:2 | Killed a golden dragon
 71962 | Depths:3 | Reached skill level 21 in Polearms
 72322 | Depths:3 | @@@E cald de moarte si nu gasii o nenorocita de bardise!
 72565 | Depths:3 | Found Masygg's Jewellery Emporium.
 73177 | Depths:3 | HP: 16/194 [white very ugly thing (51)]
 73189 | Depths:3 | @@@Nu sint atent!!!!!!!!
 73592 | Depths:4 | Killed Mennas
 73679 | Depths:4 | Found a portal to a secret trove of treasure.
 73988 | Depths:4 | You paid a toll of a +4 ice dragon armour to enter a treasure trove
 73989 | Trove    | Entered a treasure trove
 74004 | Trove    | Got an ichor-stained bardiche
 74020 | Trove    | @@@Merita!
 74022 | Trove    | Got an encrusted ring mail
 74027 | Trove    | Identified the +8 bardiche "Leviticus" {speed, rF+ rN+ Dex+3} (You found it in a treasure trove)
 74028 | Trove    | @@@HAHAHAHA!
 74042 | Trove    | Identified the +0 ring mail of the Salamander {rElec Stlth+} (You found it in a treasure trove)
 74047 | Trove    | Got a pair of encrusted gloves
 74048 | Trove    | Identified the -1 pair of gloves of a labyrinth {+Fly rElec Int+3 Slay+2} (You acquired it in a treasure trove)
 74173 | Depths:3 | Bought an uncursed ring of protection from cold for 550 gold pieces
 74537 | Depths:4 | Killed daning's ghost
 74827 | Depths:4 | Reached XP level 22. HP: 199/203 MP: 35/35
 75292 | Depths:4 | @@@Imi mai trebuie o armura mai buna si un rElec care sa nu presupuna compromisuri.
 75657 | Depths:5 | Entered Level 5 of the Depths
 75830 | Depths:4 | Reached skill level 22 in Polearms
 78058 | Depths:5 | Noticed a caustic shrike
 78224 | Depths:5 | Reached skill level 10 in Stealth
 78235 | Depths:5 | Noticed a caustic shrike
 78235 | Depths:5 | Noticed a caustic shrike
 78238 | Depths:5 | Found a gate to the Realm of Zot.
 78321 | Depths:5 | Reached XP level 23. HP: 209/213 MP: 36/36
 79558 | D:7      | Bought a scroll of enchant armour for 202 gold pieces
 80203 | Depths:5 | Voluntarily entered the Abyss.
 80876 | Abyss:3  | Found a deep blue altar of Sif Muna.
 80935 | Abyss:3  | Found a corrupted altar of Lugonu.
 81005 | Abyss:3  | Identified the Almanac of Flames
 81007 | Abyss:3  | Identified the Catalogue of Confrontation
 81015 | Abyss:3  | Identified Eticketh's Catalogue of Talismans
 81017 | Abyss:3  | Identified Mesm's Tome of Stones
 81026 | Abyss:3  | Identified the Tome of Companions
 81030 | Abyss:3  | Identified the Compendium of Fire
 81043 | Abyss:3  | Identified the Catalogue of Enchantment
 81052 | Abyss:3  | Found a deep blue altar of Sif Muna.
 81055 | Abyss:3  | Identified the Disquisition on Dislocation
 81058 | Abyss:3  | Identified the Disquisition on the Arsonist
 81207 | Abyss:3  | Found a corrupted altar of Lugonu.
 81259 | Abyss:3  | Reached skill level 1 in Necromancy
 81695 | Abyss:3  | Paralysed by accursed screaming for 1 turns
 82129 | Abyss:3  | Found a corrupted altar of Lugonu.
 83192 | Abyss:3  | Found a corrupted altar of Lugonu.
 83195 | Abyss:3  | @@@3k si nu gasii runa.
 83504 | Abyss:3  | Reached XP level 24. HP: 199/221 MP: 33/36
 83533 | Abyss:3  | Reached skill level 5 in Translocations
 83770 | Abyss:3  | @@@Ma plictisesc.
 83901 | Abyss:3  | Got an abyssal rune of Zot
 84175 | Abyss:3  | Found a sacrificial altar of Ru.
 84361 | Depths:5 | Escaped the Abyss
 84487 | Zot:1    | Entered Level 1 of the Realm of Zot
 85944 | Zot:1    | Reached skill level 23 in Polearms
 86589 | Zot:3    | Noticed an orb of fire
 86591 | Zot:3    | Gained mutation: You are clumsy. (Dex -2) [an orb of fire]
 86607 | Zot:3    | Gained mutation: You are frail (-10% HP). [an orb of fire]
 86608 | Zot:3    | Killed an orb of fire
 86631 | Zot:3    | @@@Baga-mi-as!
 87101 | Zot:4    | @@@Nu vreau sa renunt la mutatia rF+.
 87101 | Zot:4    | @@@Daca as curata mutatiile ar insemna sa-mi reconfigurez total echipamentu.
 87105 | Zot:5    | Entered Level 5 of the Realm of Zot
 87184 | Zot:3    | Reached XP level 25. HP: 207/207 MP: 36/36
 87793 | Zot:3    | Reached skill level 15 in Armour
 88740 | Zot:4    | Noticed an orb of fire
 88763 | Zot:4    | Killed an orb of fire
 89226 | Zot:4    | Noticed Tiamat
 89317 | Zot:4    | Killed Tiamat
 89317 | Zot:4    | Reached skill level 24 in Polearms
 90139 | Zot:2    | Noticed an orb of fire
 90160 | Zot:2    | Killed an orb of fire
 90715 | Shoals:3 | Bought a fire dragon armour for 2580 gold pieces
 90782 | Shoals:2 | Bought a potion of agility for 124 gold pieces
 90782 | Shoals:2 | Bought a potion of heal wounds for 155 gold pieces
 90782 | Shoals:2 | Bought a potion of might for 124 gold pieces
 90782 | Shoals:2 | Bought a scroll of holy word for 232 gold pieces
 91737 | Zot:5    | Noticed an ancient lich
 91749 | Zot:5    | Killed an ancient lich
 91779 | Zot:5    | Noticed an ancient lich
 91809 | Zot:5    | Killed an ancient lich
 91843 | Zot:5    | Noticed an ancient lich
 91848 | Zot:5    | Killed an ancient lich
 91872 | Zot:5    | Noticed an ancient lich
 91887 | Zot:5    | Killed an ancient lich
 91887 | Zot:5    | Reached XP level 26. HP: 146/217 MP: 34/36
 91927 | Zot:5    | Noticed an orb of fire
 91928 | Zot:5    | Gained mutation: You regenerate slowly when monsters are visible. [an orb of fire]
 91936 | Zot:5    | Lost mutation: You are clumsy. (Dex -2) [an orb of fire]
 91957 | Zot:5    | Killed an orb of fire
 92136 | Zot:5    | Noticed an ancient lich
 92144 | Zot:5    | Killed an ancient lich
 92145 | Zot:5    | Noticed an ancient lich
 92161 | Zot:5    | Killed an ancient lich
 92166 | Zot:5    | Noticed an ancient lich
 92202 | Zot:5    | Killed an ancient lich
 92522 | Zot:5    | Noticed an orb of fire
 92622 | Zot:5    | Gained mutation: You are very frail (-20% HP). [an orb of fire]
 92640 | Zot:5    | Killed an orb of fire
 92670 | Zot:5    | Lost mutation: You regenerate slowly when monsters are visible. [potion of cure mutation]
 92670 | Zot:5    | Lost mutation: You have a pair of small horns on your head. [potion of cure mutation]
 92670 | Zot:5    | Lost mutation: You are very frail (-20% HP). [potion of cure mutation]
 92670 | Zot:5    | Lost mutation: Your flesh is heat resistant. [potion of cure mutation]
 92671 | Zot:5    | Lost mutation: You are frail (-10% HP). [potion of cure mutation]
 92720 | Zot:5    | Noticed an ancient lich
 92732 | Zot:5    | Killed an ancient lich
 92732 | Zot:5    | Reached skill level 25 in Polearms
 93318 | Zot:5    | Got the Orb of Zot
 93515 | Depths:2 | Gained mutation: Armour fits poorly on your strangely shaped body. [a neqoxec]
 93518 | Depths:2 | Gained mutation: You are frail (-10% HP). [a neqoxec]
 93520 | Depths:2 | Lost mutation: You are frail (-10% HP). [potion of cure mutation]
 93520 | Depths:2 | Lost mutation: Armour fits poorly on your strangely shaped body. [potion of cure mutation]
 93875 | D:$      | Escaped with the Orb!

Skill      XL: |  1  2  3  4  5  6  7  8  9 10 11 12 13 14 15 16 17 18 19 20 21 22 23 24 25 26 |
---------------+-------------------------------------------------------------------------------+-----
Spellcasting   | 2 3 5 |  5.7
Conjurations   | 1 2 3 4 |  4.0
Ice Magic      | 3 4 5 6 7 |  7.0
Fighting       | 1 2 3 5 6 8 10 11 12 14 15 16 17 18 19 20 21 | 21.5
Dodging        | 2 3 4 6 7 9 10 12 13 14 15 16 17 18 19 20 | 20.0
Summonings     | 1 2 3 4 |  4.0
Charms         | 2 3 5 7 |  7.6
Stealth        | 2 6 10 12 13 | 13.7
Polearms       | 4 7 8 10 11 13 14 16 17 19 20 21 22 23 24 25 | 25.1
Hexes          | 1 2 |  2.1
Armour         | 4 5 6 8 10 12 14 16 17 | 17.0
Air Magic      | 1 |  1.4
Translocations | 1 4 5 |  5.0
Evocations     | 5 7 8 9 |  9.1
Necromancy     | 2 |  2.1

Action                   |  1- 3 |  4- 6 |  7- 9 | 10-12 | 13-15 | 16-18 | 19-21 | 22-24 | 25-27 || total
-------------------------+-------+-------+-------+-------+-------+-------+-------+-------+-------++-------
Melee: Dagger            |     6 |   118 |   209 |    63 |     4 |       |       |       |       ||   400
       Trident           |       |       |    66 |   634 |  1346 |    81 |    47 |    65 |       ||  2239
       Glaive            |       |       |       |       |   679 |  2138 |  2388 |       |       ||  5205
       Headbutt          |       |       |       |       |       |   324 |   587 |   569 |   234 ||  1714
       Bardiche          |       |       |       |       |       |       |    81 |  2274 |   948 ||  3303
 Fire: Blowgun           |       |       |     2 |    11 |    11 |    78 |     1 |       |       ||   103
Throw: Stone             |     2 |     8 |     7 |     1 |       |       |       |       |       ||    18
       Javelin           |       |     5 |       |       |       |       |       |       |       ||     5
       Throwing net      |       |       |       |     2 |     5 |    29 |    12 |     5 |     7 ||    60
 Cast: Freeze            |    58 |    85 |   108 |    16 |       |       |       |       |       ||   267
       Throw Frost       |    19 |    32 |    52 |     6 |       |       |       |       |       ||   109
       Throw Icicle      |       |       |    23 |    16 |     8 |    50 |    13 |       |       ||   110
       Summon Ice Beast  |       |       |    27 |    94 |    83 |   113 |    29 |    10 |       ||   356
       Ozocubu's Armour  |       |       |     3 |    16 |    40 |    37 |    54 |    10 |       ||   160
       Spectral Weapon   |       |       |       |    39 |   104 |    78 |    67 |    28 |     4 ||   320
       Ensorcelled Hiber |       |       |       |     9 |    10 |     3 |       |       |       ||    22
       Blink             |       |       |       |     3 |     4 |    15 |    11 |     6 |     1 ||    40
       Repel Missiles    |       |       |       |     2 |     9 |    19 |    16 |     5 |     6 ||    57
       Regeneration      |       |       |       |       |       |    21 |   186 |   128 |    53 ||   388
       Summon Butterflie |       |       |       |       |       |       |     1 |     7 |     7 ||    15
 Abil: Evoke Invisibilit |       |       |       |       |       |       |     1 |    10 |     5 ||    16
       Turn Visible      |       |       |       |       |       |       |     1 |     7 |     3 ||    11
Evoke: Wand              |       |     1 |     5 |    27 |    14 |    15 |    22 |    11 |    15 ||   110
       Lamp of fire      |       |       |       |     1 |     1 |     3 |     3 |     3 |       ||    11
       Sack of spiders   |       |       |       |       |     5 |     6 |    14 |     1 |       ||    26
       Phantom mirror    |       |       |       |       |     1 |       |       |       |       ||     1
       Fan of gales      |       |       |       |       |       |     1 |     4 |     3 |     1 ||     9
       Box of beasts     |       |       |       |       |       |       |    15 |       |     8 ||    23
       Rod               |       |       |       |       |       |       |     4 |     3 |       ||     7
  Use: Scroll            |     6 |     6 |    15 |    22 |    13 |    10 |    22 |    22 |    10 ||   126
       Potion            |     2 |     1 |     1 |     1 |     7 |    21 |     9 |    18 |    15 ||    75
 Stab: Sleeping          |       |     1 |     3 |    10 |    14 |    21 |    11 |    13 |     3 ||    76
       Distracted        |       |       |     1 |     3 |    22 |    18 |    31 |    27 |    10 ||   112
       Paralysed         |       |       |       |     5 |       |       |       |       |       ||     5
       Held in net/web   |       |       |       |       |     2 |    11 |     8 |     4 |     8 ||    33
       Invisible         |       |       |       |       |       |     8 |     9 |    90 |    42 ||   149
  Eat: Chunk             |     5 |    11 |    12 |    23 |    43 |    28 |    28 |    24 |    16 ||   190
       Fruit             |     3 |     3 |       |     5 |    22 |     9 |     3 |       |       ||    45
       Royal jelly       |       |     1 |       |     1 |       |     2 |     2 |     1 |       ||     7
       Beef jerky        |       |       |     6 |     1 |     1 |     3 |     3 |     1 |     1 ||    16
       Bread ration      |       |       |     2 |     4 |     1 |     7 |     7 |     7 |     5 ||    33
       Pizza             |       |       |     1 |       |     3 |     5 |       |     1 |       ||    10
Armor: Robe              |     5 |       |    73 |    70 |       |       |       |       |       ||   148
       Leather armour    |     3 |    74 |    30 |       |       |       |       |       |       ||   107
       Troll leather arm |       |       |       |   166 |   557 |   515 |   391 |    98 |       ||  1727
       Storm dragon armo |       |       |       |       |       |       |       |   370 |   187 ||   557
Dodge: Dodged            |    19 |   102 |   269 |   553 |  1576 |  2136 |  1732 |  1243 |   321 ||  7951
       Deflected         |       |       |       |     4 |    17 |    99 |    82 |    36 |    15 ||   253

Table legend:
 A = Turns spent in this place as a percentage of turns spent in the entire game.
 B = Non-inter-level travel turns spent in this place as a percentage of non-inter-level travel turns spent in the entire game.
 C = Inter-level travel turns spent in this place as a percentage of turns spent in this place.
 D = Turns resting spent in this place as a percentage of non-inter-level travel turns spent in this place.
 E = Turns spent auto-exploring this place as a percentage of non-inter-level travel turns spent in this place.
 F = Non-inter-level travel turns spent in this place divided by the number of levels of this place that you've seen.
                   A       B       C       D       E      F
               +-------+-------+-------+-------+-------+----------------------
         Total | 100.0 | 100.0 |   0.4 |   2.3 |   0.6 | 1084.6
       Dungeon |  23.6 |  23.6 |   0.7 |   3.7 |   0.9 | 936.7
        Temple |   0.0 |   0.0 |   0.0 |   0.0 |   0.0 |   9.0
          Lair |  11.2 |  11.2 |   0.6 |   2.0 |   1.0 | 834.6
        Shoals |   7.5 |   7.5 |   0.2 |   1.5 |   0.0 | 1118.8
   Spider Nest |   8.0 |   8.0 |   0.2 |   3.9 |   0.5 | 1190.8
  Orcish Mines |   3.3 |   3.3 |   0.3 |   2.3 |   0.1 | 989.0
   Elven Halls |   4.3 |   4.3 |   0.3 |   1.1 |   0.9 | 850.7
        Vaults |  10.2 |  10.2 |   0.1 |   1.3 |   0.6 | 1519.8
        Depths |  15.6 |  15.6 |   0.6 |   2.0 |   0.2 | 1861.4
           Zot |   8.5 |   8.6 |   0.2 |   2.0 |   1.1 | 1022.0
         Abyss |   7.6 |   7.6 |   0.0 |   0.0 |   0.0 | 1520.3
         Trove |   0.2 |   0.2 |   0.0 |   0.0 |   0.0 |  94.0
               +-------+-------+-------+-------+-------+----------------------

Table legend:
 A = Kills in this place as a percentage of kills in entire the game.
 B = Kills by you in this place as a percentage of kills by you in the entire game.
 C = Kills by friends in this place as a percentage of kills by friends in the entire game.
 D = Other kills in this place as a percentage of other kills in the entire game.
 E = Experience gained in this place as a percentage of experience gained in the entire game.
 F = Experience gained in this place divided by the number of levels of this place that you have seen.
                   A       B       C       D       E      F
               +-------+-------+-------+-------+-------+----------------------
         Total | 100.0 | 100.0 | 100.0 | 100.0 | 100.0 | 31261.6
       Dungeon |  20.5 |  19.2 |  45.0 |  10.0 |   5.6 | 6393.2
          Lair |  11.9 |  11.2 |  26.8 |   0.0 |   4.2 | 9098.0
        Shoals |   5.4 |   5.3 |   8.7 |   0.0 |   5.0 | 21687.8
   Spider Nest |   7.3 |   7.5 |   3.4 |   0.0 |   4.8 | 20589.0
  Orcish Mines |   3.0 |   3.1 |   0.7 |  10.0 |   1.0 | 8547.5
   Elven Halls |   4.7 |   4.7 |   3.4 |  20.0 |   5.8 | 33385.0
        Vaults |  12.2 |  12.6 |   4.7 |  10.0 |  11.0 | 47227.0
        Depths |  15.3 |  15.8 |   5.4 |  30.0 |  24.3 | 83457.0
           Zot |   8.2 |   8.6 |   2.0 |   0.0 |  28.7 | 98526.6
         Abyss |  11.5 |  12.1 |   0.0 |  20.0 |   9.6 | 55175.0
               +-------+-------+-------+-------+-------+----------------------

Vault maps used:
D:1:      tarquinn_simple_flora_water_f
D:2:      wad_pebble_path, minivault_24, minmay_lizard_king
D:3:      gammafunk_temple_overflow_statue, first_bread, minivault_25,
          minmay_misc_feat_roman, minivault_25
D:5:      minmay_temple_entry_butterflies, serial_bayou_pond_c, uniq_pikel
D:6:      uniq_crazy_yiuf_cottage, uniq_duvessa
D:7:      serial_shops, kennysheep_mini, shop, shop, grunt_ogre_cave,
          uniq_prince_ribbit1
D:8:      kennysheep_six_static_rooms, minmay_orc_keep
D:9:      david_orc_1_choice, basic_altar
D:10:     serial_shops, nicolae_shop_trees
D:11:     dpeg_lair_monsters, kennysheep_generic_room_9, uniq_snorg, uniq_psyche
D:12:     uniq_azrael
D:13:     grunt_vaults_entry_tiered, serial_bayou_lagoon_a, uniq_kirke
D:14:     minmay_stone_trees_small, uniq_agnes
D:15:     gammafunk_depths_entry_grave, minmay_misc_feat_rugged,
          serial_co_window_serial, co_window_corner_a, co_window_corner_a,
          co_window_paths_b, co_window_paths_a, co_window_of_opportunity_a,
          co_window_broadway_a, co_window_cross_4, co_window_broadway_c,
          co_window_4corner_b
Temple:   dpeg_three_leaves_temple_18
Lair:1:   grunt_forest_large_clearings
Lair:2:   wad_woods_settlement, minivault_26
Lair:3:   hangedman_lair_generics_rect, uniq_fannar
Lair:4:   shoals_dummy_entry, dummy_spider_entry, uniq_sonja, uniq_nergalle
Lair:6:   grunt_megastairs_2, uniq_josephine
Lair:7:   minmay_slime_entry_oklob_enclosed, basic_altar, grunt_megastairs_5,
          infiniplex_staircase_pool_2
Lair:8:   hangedman_lair_in_review
Shoals:1: uniq_louise
Shoals:2: serial_shops, shop, nicolae_shop_statue_plus, shop_statue, shop,
          uniq_polyphemus
Shoals:3: cheibrodos_shoals_roost, serial_shops, shop
Shoals:4: shoals_end_simple, shoals_ilsuiw_alternative,
          nicolae_shoals_square_sea_wall
Spider:4: grunt_spider_rune_parallel
Orc:1:    uniq_maurice
Orc:2:    grunt_orc_tribal_feast, serial_shops, shop_fountains
Elf:1:    minmay_elf_arrival_plus, hangedman_elf_represent,
          einodemon_barbed_minivault
Elf:3:    grunt_elf_hall_branching, st_stairs_7
Vaults:1: nicolae_vaults_twisting_passages, v_pattern_4, hangedman_vaults_snaps,
          grunt_vaults_hallway_long, v_rooms_5, ontoclasm_vaults_hangar,
          v_misc_16, vaults_room_semicircle, nicolae_vaults_three_branches,
          vaults_room_semicircle, dpeg_vaults_monster_box
Vaults:2: grunt_vaults_focal, nicolae_vaults_hallways_thing, v_misc_31,
          nicolae_vaults_ninety_degrees, v_misc_11, grunt_vaults_hallway_long,
          vaults_room_stairs_pillars, v_misc_14, v_pattern_1,
          vaults_room_stairs_pillars, hangedman_vaults_maws, uniq_frederick
Vaults:3: minmay_crypt_entry_simple_plaza, ontoclasm_vaults_idyll, v_misc_30,
          nicolae_vaults_c_with_doors, nicolae_vaults_asterisk, v_misc_15
Vaults:4: v_misc_27, ontoclasm_vaults_tryst, vaults_mumra_hex, v_rooms_5,
          hangedman_vaults_slither, ontoclasm_vaults_ring_square,
          vaults_room_pools, nicolae_vaults_little_ls, nicolae_vaults_gold_heap
Depths:1: enter_ziggurat_d, hell_entry, evilmike_ruin_ashenzari
Depths:2: minmay_isolated_rectangles_in_corner, pan_entry, special_room,
          hell_entry, abyss_entry_flame_altar, kennysheep_island_fort,
          minmay_staircase_statues_hall_small, uniq_aizul
Depths:3: kennysheep_ambush_hall, serial_shops, nicolae_shop_trees, hell_entry,
          rand_demon_pan_entry_5, abyss_entry, infiniplex_staircase_pillars_3a
Depths:4: grunt_house_of_mirrors, nicolae_trove_entry_path_of_doom,
          grunt_hell_entry_dis_old, abyss_entry_small_statue_room,
          minmay_misc_feat_tower, kennysheep_dice, firewood_loft,
          infiniplex_staircase_trident, serial_bayou_shore_b, uniq_mennas
Depths:5: grunt_runaround, pan_entry, hell_entry, abyss_entry
Zot:4:    zot_minivault_3, uniq_tiamat
Zot:5:    grunt_ministairs_8, st_stairs_5
Abyss:2:  evilmike_abyss_exit_kraken
Abyss:3:  evilmike_abyss_exit_glass, onia_ninara_dug_in_and_dangerous
Trove:    trove_simple
